 Dungeon Crawl Stone Soup version 0.28.0-43-g3370ac3207 (webtiles) character file.

Game seed: 13319393234772829049

81 MisterFreud the Cutter (level 4, 0/41 HPs)
             Began as a Gnoll Cinder Acolyte on Mar 3, 2022.
             Was a High Priest of Ignis.
             Slain by a gnoll
             ... wielding a +0 spear
              (7 damage)
             ... on level 3 of the Dungeon.
             The game lasted 00:03:18 (2925 turns).

MisterFreud the Cutter (Gnoll Cinder Acolyte)       Turns: 2925, Time: 00:03:18

Health: 0/41       AC:  2    Str: 14    XL:     4   Next: 42%
Magic:  1/8        EV:  8    Int: 15    God:    Ignis [*****.]
Gold:   27         SH:  0    Dex:  7    Spells: 7/9 levels left

rFire   + . .      SeeInvis .   a - -1 short sword (flame)
rCold   . . .      Faith    .   (no shield)
rNeg    . . .      Spirit   .   b - +0 robe
rPois   .          Reflect  .   (no helmet)
rElec   .          Harm     .   n - scarf {+Inv}
rCorr   .          Rampage  .   (no gloves)
Will    .....                   (no boots)
Stlth   +.........              (no amulet)
HPRegen 0.13/turn               (no ring)
MPRegen 0.11/turn               (no ring)

@: constricted
A: fangs 1, strong nose, distributed training
a: Renounce Religion, Evoke Invisibility, Fiery Armour, Foxfire Swarm, Rising
Flame


You were on level 3 of the Dungeon.
You worshipped Ignis.
Ignis was extremely pleased with you.
You visited 1 branch of the dungeon, and saw 3 of its levels.

You collected 82 gold pieces.
You spent 55 gold pieces at shops.

Inventory:

Hand Weapons
 a - a -1 short sword of flaming (weapon)
 e - a +1 vorpal mace
Missiles
 k - a throwing net (quivered)
Armour
 b - a +0 robe (worn)
 n - a scarf of invisibility (worn)
Scrolls
 c - 2 scrolls of blinking {unknown}
 d - a scroll of holy word {unknown}
 f - a scroll of identify {unknown}
 g - a scroll of fear {unknown}
 h - a scroll of vulnerability {unknown}
 i - 2 scrolls of teleportation {unknown}
 q - a scroll of magic mapping {unknown}
Potions
 j - a potion of haste {unknown}
 l - 2 potions of flight {unknown}
 m - a potion of magic {unknown}
 o - a potion of mutation {unknown}
 p - a potion of might {unknown}
 r - a potion of heal wounds


   Skills:
 + Level 6.6 Fighting
 + Level 6.6 Short Blades
 + Level 1.1 Long Blades
 + Level 1.1 Axes
 + Level 1.1 Maces & Flails
 + Level 1.1 Polearms
 + Level 1.1 Staves
 + Level 1.1 Slings
 + Level 1.1 Bows
 + Level 1.1 Crossbows
 + Level 1.1 Throwing
 + Level 1.1 Armour
 + Level 1.1 Dodging
 + Level 1.1 Stealth
 + Level 1.1 Shields
 + Level 1.1 Unarmed Combat
 + Level 3.0 Spellcasting
 + Level 0.9 Conjurations
 + Level 0.9 Hexes
 + Level 0.9 Summonings
 + Level 0.9 Necromancy
 + Level 0.9 Translocations
 + Level 0.9 Transmutations
 + Level 5.4 Fire Magic
 + Level 0.9 Ice Magic
 + Level 0.9 Air Magic
 + Level 0.9 Earth Magic
 + Level 0.9 Poison Magic
 + Level 1.2 Invocations
 + Level 1.1 Evocations


You had 7 spell levels left.
You knew the following spells:

 Your Spells              Type           Power      Damage    Failure   Level
a - Scorch                Fire           36%        2d7       3%          2

Your spell library contained the following spells:

 Spells                   Type           Power      Damage    Failure   Level
 Shock                    Conj/Air       20%        1d4       14%         1
 Sublimation of Blood     Necr           5%         N/A       21%         2
 Gell's Gravitas          Tloc           5%         N/A       38%         3
 Lesser Beckoning         Tloc           5%         N/A       38%         3
 Swiftness                Air            5%         N/A       38%         3
 Teleport Other           Tloc           5%         N/A       38%         3
 Airstrike                Air            2%         N/A       80%         4
 Petrify                  Tmut/Erth      5%         N/A       80%         4
 Irradiate                Conj/Tmut      2%         3d14      98%         5


Dungeon Overview and Level Annotations

Branches:
Dungeon (3/15)

Altars:
Dithmenos

Shops:
D:2 [   D:3 !


Innate Abilities, Weirdness & Mutations

You have very sharp teeth.
Your uncanny sense of smell can sniff out nearby items.
Your experience applies equally to all skills.


Message History

Casting: Scorch (safe; 3% risk of failure)
Confirm with . or Enter, or press ? or * to list all spells.
Flames lash the gnoll.
The gnoll is heavily wounded.
The gnoll's fire resistance burns away.
The gnoll hits you from afar with a +0 spear.
The gnoll hits you with a +0 whip!
The gnoll throws a stone.
The stone barely misses you.
The gnoll throws a stone.
The stone hits you.
The gnoll throws a stone.
The stone closely misses you.
The gnoll throws a stone.
The stone misses you.
There is a stone staircase leading up here.
The gnoll throws a stone.
The stone barely misses you.
The gnoll throws a stone.
The stone hits you.
The gnoll throws a stone.
The stone hits you.
Casting: Scorch (safe; 3% risk of failure)
Confirm with . or Enter, or press ? or * to list all spells.
Flames lash the gnoll.
The gnoll is heavily wounded.
The gnoll's fire resistance burns away.
Casting: Scorch (safe; 3% risk of failure)
Confirm with . or Enter, or press ? or * to list all spells.
Flames lash the gnoll.
The gnoll is burned terribly!
You kill the gnoll!
The ball python bites you but does no damage.
The ball python grabs you.
You stop ascending the stairs.
The ball python constricts you. The ball python barely misses you.
The ball python constricts you.
Unknown command.
Unknown command.
The ball python's grasp on you weakens, but your attempt to escape fails.
The ball python bites you. The ball python constricts you.
The gnoll hits you with a +0 whip.
* * * LOW HITPOINT WARNING * * *
The ball python's grasp on you weakens, but your attempt to escape fails.
The ball python bites you.
* * * LOW HITPOINT WARNING * * *
The ball python constricts you.
The gnoll hits you from afar with a +0 spear!
You die...

#.##.#### #.# #.##.......
#.......# #.# #..#.>.....
#.#####.# #.# ####.....†.
#######.# #.# ##.## ####....
........# #.####...## #....
######..#
#.........#######....
#..#####....................
#................###...⌠.###
### #..#####.gS@#...##
#.....# #
..####..#####..g.##.##
####### #
#.##...g............# #
#g......#####.#######
#.####..((....# ..#
########## ###


You could see 2 gnolls and a ball python.

Vanquished Creatures
  An adder (D:2)
  2 gnolls (D:3)
  3 dart slugs
  An orc (D:3)
  9 ball pythons
  5 bats
  An endoplasm (D:1)
  A giant cockroach (D:1)
  3 goblins
  6 hobgoblins
  6 kobolds
  3 quokkas
  4 rats
45 creatures vanquished.

Notes
Turn   | Place    | Note
-------+----------+-------------------------------------------
     0 | D:1      | MisterFreud the Gnoll Cinder Acolyte began the quest for
                  | the Orb.
     0 | D:1      | Reached XP level 1. HP: 23/23 MP: 4/4
   197 | D:1      | Found a faded altar of an unknown god.
   343 | D:1      | Reached XP level 2. HP: 28/29 MP: 5/5
   858 | D:1      | Reached XP level 3. HP: 24/35 MP: 7/7
  1646 | D:2      | Found Limufro's Armour Boutique.
  1804 | D:2      | Reached skill level 1 in Invocations
  2139 | D:2      | Reached skill level 1 in Long Blades
  2139 | D:2      | Reached skill level 1 in Axes
  2139 | D:2      | Reached skill level 1 in Maces & Flails
  2139 | D:2      | Reached skill level 1 in Polearms
  2139 | D:2      | Reached skill level 1 in Staves
  2139 | D:2      | Reached skill level 1 in Slings
  2139 | D:2      | Reached skill level 1 in Bows
  2139 | D:2      | Reached skill level 1 in Crossbows
  2139 | D:2      | Reached skill level 1 in Throwing
  2139 | D:2      | Reached skill level 1 in Armour
  2139 | D:2      | Reached skill level 1 in Dodging
  2139 | D:2      | Reached skill level 1 in Stealth
  2139 | D:2      | Reached skill level 1 in Shields
  2139 | D:2      | Reached skill level 1 in Unarmed Combat
  2139 | D:2      | Reached skill level 1 in Evocations
  2168 | D:2      | Learned a level 2 spell: Scorch
  2508 | D:2      | Found a shadowy altar of Dithmenos.
  2587 | D:3      | Reached XP level 4. HP: 41/41 MP: 5/8
  2818 | D:3      | Found Lim Hauh's Distillery.
  2834 | D:3      | Bought a potion of heal wounds for 55 gold pieces
  2925 | D:3      | Slain by a gnoll

Illustrated notes

Levels and vault maps discovered:
D:1:      dpeg_arrival_renting, layout_loops_ring,
          shapermc_ecumenical_altar_hornbeckon, amcnicky_mini_corridor_feature,
          fountainhead
D:2:      layout_loops_ring, serial_shops, nicolae_shop_advertising_works
          [nicolae_subvault_shop_adworks], basic_altar, lemuel_old_faithful
D:3:      layout_loops_ring, serial_shops, nicolae_shop_hallway_stairs,
          nicolae_lakefront_shop, shop, shop, nicolae_elevator_lobby_asterisk

Skill      XL: |  1  2  3  4 |
---------------+-------------+-----
Invocations    | 1 |  1.2
Long Blades    | 1 |  1.1
Axes           | 1 |  1.1
Maces & Flails | 1 |  1.1
Polearms       | 1 |  1.1
Staves         | 1 |  1.1
Slings         | 1 |  1.1
Bows           | 1 |  1.1
Crossbows      | 1 |  1.1
Throwing       | 1 |  1.1
Armour         | 1 |  1.1
Dodging        | 1 |  1.1
Stealth        | 1 |  1.1
Shields        | 1 |  1.1
Unarmed Combat | 1 |  1.1
Evocations     | 1 |  1.1
Spellcasting   | 3 |  3.0
Fighting       | |  6.6
Short Blades   | |  6.6
Conjurations   | |  0.9
Hexes          | |  0.9
Summonings     | |  0.9
Necromancy     | |  0.9
Translocations | |  0.9
Transmutations | |  0.9
Fire Magic     | |  5.4
Ice Magic      | |  0.9
Air Magic      | |  0.9
Earth Magic    | |  0.9
Poison Magic   | |  0.9

Action                   |  1- 3 |  4- 6 || total
-------------------------+-------+-------++-------
Melee: Short sword       |   129 |     2 ||   131
       Bite              |    16 |       ||    16
       Punch             |     3 |       ||     3
 Cast: Scorch            |     1 |     9 ||    10
 Stab: Sleeping          |       |     1 ||     1
Armor: Robe              |    24 |     1 ||    25
Dodge: Dodged            |    61 |     6 ||    67
